Map: [ESL] Oceanborn

Players

Scarlett

  • Race: Zerg Zerg
  • Spawn Location: 11:00

HeroMarine - Winner!

  • Race: Terran Terran
  • Spawn Location: 5:00

Event: HomeStory Cup XXIV

VOD

Have the link to the VOD?

Description

Time

  • Played on: Dec. 2, 2023, 2:15 p.m.
  • Length: 23:29

All games in this series

Show
View Real Time Build Order
Export as new Build Order

Scarlett Zerg 

Build Orders: Hatch First 

Get SALT Encoding   

  12  0:00  Drone  
  13  0:12  Overlord  
  13  0:17  Drone  
  14  0:30  Drone x2  
  16  0:46  Hatchery  
  15  0:50  Drone  
  15  0:54  Drone  
  18  0:57  Drone  
  18  1:08  Extractor  
  17  1:12  Spawning Pool  
  17  1:15  Drone  
  18  1:18  Drone  
  18  1:27  Drone  
  19  1:39  Drone  
  20  1:49  Drone  
  21  1:58  Queen x2  
  21  1:59  Zergling x2  
  21  2:00  Zergling x2  
  27  2:12  Drone  
  28  2:19  Extractor  
  27  2:23  Drone  
  27  2:24  Metabolic Boost  
  28  2:37  Extractor, Overlord  
  28  2:41  Overlord  
  27  2:55  Queen  
  27  2:56  Hatchery  
  27  2:58  Drone, Overlord  
  29  2:59  Drone x3  
  33  3:09  Drone x4  
  33  3:11  Drone  
  38  3:15  Drone x2  
  38  3:18  Drone  
  41  3:23  Drone  
  41  3:25  Queen  
  44  3:28  Drone  
  45  3:35  Queen  
  45  3:37  Drone  
  45  3:38  Drone  
  45  3:40  Drone x2  
  51  3:44  Overlord  
  51  3:47  Overlord  
  51  3:52  Evolution Chamber  
  51  3:54  Drone  
  51  4:03  Drone  
  51  4:04  Drone x3  
  51  4:08  Queen x2  
  59  4:12  Drone x3  
  62  4:18  Zerg Ground Armor Level 1  
  62  4:20  Drone  
  63  4:24  Overlord  
  63  4:25  Drone x3  
  63  4:28  Drone  
  63  4:29  Drone x2  
  69  4:32  Spore Crawler  
  69  4:35  Zergling x2  
  69  4:36  Zergling x2  
  69  4:38  Queen  
  69  4:39  Zergling x2  
  69  4:42  Zergling x4  
  69  4:44  Zergling x2, Spore Crawler  
  74  4:52  Overlord  
  74  4:53  Lair  
  74  4:57  Overlord  
  74  5:00  Drone x7  
  81  5:08  Hatchery  
  80  5:14  Spore Crawler  
  80  5:17  Extractor  
  80  5:18  Extractor  
  80  5:21  Zergling x14  
  84  5:26  Drone  
  84  5:27  Drone  
  84  5:30  Queen  
  84  5:31  Queen  
  88  5:37  Drone x5, Extractor  
  88  5:41  Baneling Nest, Evolution Chamber  
  88  5:42  Drone  
  91  5:45  Drone x2  
  91  5:49  Drone x3  
  96  5:51  Extractor  
  96  5:55  Overseer  
  93  5:57  Spore Crawler  
  91  6:09  Drone x9  
  98  6:14  Zerg Missile Weapons Level 1  
  98  6:15  Zerg Ground Armor Level 2  
  98  6:19  Overlord  
  98  6:20  Extractor  
  97  6:28  Drone x7, Overlord  
  104  6:34  Centrifugal Hooks  
  104  6:36  Overlord x5  
  104  6:37  Hydralisk Den  
  103  6:42  Overlord x2  
  103  6:52  Overseer  
  97  6:54  Zergling x16  
  97  7:00  Baneling x7  
  105  7:05  Drone x3  
  105  7:06  Drone x4  
  105  7:07  Drone  
  113  7:10  Hydralisk x3, Grooved Spines  
  113  7:14  Hydralisk  
  120  7:19  Hydralisk x2, Spore Crawler  
  123  7:24  Extractor, Hydralisk x2, Drone  
  123  7:25  Extractor  
  123  7:26  Infestation Pit  
  123  7:27  Drone x3  
  123  7:28  Drone x3  
  131  7:30  Overlord  
  131  7:34  Hydralisk x3  
  137  7:41  Drone x2  
  139  7:46  Drone x2  
  139  7:47  Hydralisk x4  
  139  7:48  Spore Crawler  
  148  7:58  Baneling x5  
  145  7:59  Drone  
  145  8:01  Hydralisk x3  
  145  8:03  Overseer  
  145  8:05  Hydralisk  
  144  8:08  Hydralisk  
  144  8:09  Zergling x18  
  143  8:17  Overseer, Hatchery  
  143  8:19  Pneumatized Carapace  
  138  8:33  Zerg Melee Weapons Level 1, Zerg Missile Weapons Level 2  
  134  8:35  Drone x2  
  134  8:36  Drone x4  
  139  8:42  Spore Crawler  
  139  8:43  Zergling x2, Hydralisk x4  
  139  8:44  Zergling x16  
  153  8:53  Zergling x16  
  161  8:57  Hive, Muscular Augments  
  161  9:04  Hydralisk x2, Overlord x2  
  161  9:09  Zergling x4  
  167  9:10  Baneling x4  
  167  9:12  Hatchery  
  166  9:21  Spore Crawler  
  164  9:28  Zergling x20  
  167  9:42  Zergling x16  
  167  9:44  Spore Crawler  
  174  9:48  Spore Crawler  
  174  9:49  Zergling x18  
  182  9:54  Zergling x2  
  184  10:00  Spore Crawler  
  184  10:04  Zergling x18  
  186  10:09  Viper x2, Spore Crawler  
  186  10:10  Extractor  
  190  10:17  Spore Crawler  
  190  10:18  Spore Crawler  
  190  10:20  Overlord  
  188  10:30  Baneling x6  
  188  10:31  Zergling x18, Spore Crawler, Baneling x4  
  188  10:32  Overlord  
  197  10:35  Spire  
  196  10:44  Spine Crawler  
  196  10:45  Extractor, Spine Crawler  
  196  10:46  Extractor  
  196  10:49  Hatchery  
  188  11:03  Zergling x32  
  188  11:07  Hydralisk  
  188  11:08  Hydralisk x3  
  182  11:17  Hydralisk  
  182  11:18  Hydralisk x9  
  181  11:25  Hydralisk x2  
  160  11:34  Hatchery  
  160  11:35  Drone x6  
  164  11:43  Zerg Melee Weapons Level 2  
  164  11:44  Zerg Missile Weapons Level 3, Adrenal Glands  
  164  11:46  Drone x8  
  169  12:04  Viper  
  169  12:05  Viper x2  
  157  12:10  Hydralisk  
  157  12:11  Hydralisk x9  
  172  12:18  Hydralisk x5  
  152  12:24  Hydralisk x3  
  152  12:28  Greater Spire  
  154  12:46  Zergling x2  
  154  12:47  Zergling x42  
  176  13:01  Drone x3  
  177  13:13  Hydralisk x10  
  177  13:19  Overlord  
  194  13:20  Overseer x2, Overlord  
  192  13:33  Overlord  
  192  13:34  Overlord  
  187  13:36  Corruptor x4  
  195  13:41  Zerg Flyer Weapons Level 1  
  195  13:46  Spine Crawler x2  
  195  13:47  Spine Crawler  
  195  13:48  Spine Crawler  
  184  14:11  Hydralisk x8  
  184  14:16  Hatchery  
  185  14:23  Hydralisk x9  
  186  14:28  Zerg Melee Weapons Level 3  
  182  14:35  Drone  
  161  14:54  Brood Lord x3  
  161  14:56  Corruptor x9  
  169  15:29  Brood Lord x3  
  177  15:35  Brood Lord  
  169  15:48  Corruptor x4  
  169  15:49  Corruptor x4  
  183  15:50  Brood Lord x4  
  191  16:03  Zerg Flyer Weapons Level 2  
  191  16:04  Zerg Ground Armor Level 3  
  191  16:05  Zergling x12  
  191  16:06  Zergling x6  
  191  16:07  Hatchery  
  199  16:23  Overlord x3  
  182  16:40  Extractor x2  
  180  16:48  Neural Parasite  
  180  16:49  Burrow, Hatchery  
  180  16:53  Corruptor, Brood Lord x5  
  180  16:54  Corruptor x2  
  195  17:01  Corruptor x2  
  194  17:31  Zergling x12  
  193  17:51  Infestor x3  
  184  17:52  Infestor x3  
  185  18:17  Drone x8  
  174  18:27  Hydralisk x5  
  174  18:34  Corruptor x3  
  176  18:54  Hatchery  
  176  18:55  Extractor  
  174  18:56  Extractor  
  174  19:01  Queen  
  173  19:06  Drone x3  
  173  19:07  Hydralisk  
  173  19:08  Zergling x26, Hydralisk  
  193  19:17  Hatchery  
  192  19:18  Zerg Flyer Armor Level 1  
  187  19:37  Baneling x6  
  184  19:46  Brood Lord x4  
  184  19:47  Corruptor x3  
  193  20:10  Baneling x5  
  184  20:29  Brood Lord x2  
  184  20:31  Corruptor x2  
  192  20:46  Infestor  
  192  20:47  Infestor x5  
  192  20:55  Corruptor x4  
  197  21:16  Zergling x8  
  197  22:06  Corruptor x4  
  196  22:27  Brood Lord x7  
  190  22:43  Hydralisk x23  
  158  22:56  Zergling x14  
  128  23:24  Hatchery  
Show
View Real Time Build Order
Export as new Build Order

HeroMarine Terran - Winner!

Build Orders: Reaper Expand, Hellion Banshee 

Get SALT Encoding   

  12  0:00  SCV  
  13  0:12  SCV  
  14  0:16  Supply Depot  
  14  0:24  SCV  
  15  0:38  SCV  
  15  0:39  Barracks  
  15  0:42  Refinery  
  16  0:50  SCV  
  17  1:02  SCV  
  18  1:14  SCV  
  19  1:26  Orbital Command, Reaper  
  20  1:38  Command Center  
  20  1:46  Supply Depot  
  20  1:52  SCV  
  21  1:57  Marine  
  22  2:04  SCV  
  23  2:10  Factory  
  23  2:16  SCV  
  23  2:21  Barracks Reactor  
  24  2:28  SCV  
  25  2:40  Command Center, SCV  
  25  2:52  SCV  
  26  3:01  Orbital Command  
  26  3:04  SCV  
  29  3:09  Starport  
  29  3:13  Hellion  
  29  3:16  SCV  
  29  3:18  Refinery  
  30  3:20  Hellion  
  32  3:27  SCV  
  32  3:28  SCV  
  32  3:32  Barracks Tech Lab  
  36  3:34  Hellion  
  36  3:39  SCV  
  36  3:40  SCV  
  38  3:42  Hellion  
  40  3:51  SCV  
  40  3:53  Orbital Command, SCV  
  40  3:55  Banshee  
  45  4:01  Cloaking Field  
  45  4:04  Hellion  
  45  4:05  Hellion  
  45  4:06  SCV  
  45  4:07  SCV  
  51  4:18  SCV, Supply Depot  
  51  4:19  SCV  
  51  4:21  SCV  
  54  4:25  Hellion  
  54  4:26  Hellion  
  54  4:31  SCV x2  
  59  4:33  Supply Depot, SCV  
  61  4:39  Banshee  
  61  4:41  Supply Depot  
  61  4:42  Refinery  
  61  4:43  Refinery  
  61  4:44  Factory  
  64  4:46  SCV  
  64  4:47  SCV  
  64  4:48  SCV  
  67  4:58  SCV  
  67  4:59  Factory, SCV  
  69  5:00  SCV  
  69  5:03  Barracks Tech Lab  
  69  5:04  Supply Depot  
  70  5:07  Hellion  
  70  5:08  Orbital Command  
  70  5:09  Hyperflight Rotors  
  70  5:10  SCV  
  70  5:11  SCV  
  74  5:15  Hellion  
  74  5:20  Supply Depot  
  76  5:22  SCV  
  76  5:24  SCV  
  76  5:29  Banshee, Hellion  
  76  5:34  SCV  
  76  5:35  SCV  
  83  5:36  SCV  
  83  5:40  Barracks Tech Lab  
  83  5:41  Hurricane Engines  
  83  5:42  Cyclone  
  86  5:43  Hellion  
  86  5:46  SCV, Supply Depot  
  86  5:47  SCV  
  86  5:48  Supply Depot, Refinery  
  86  5:49  SCV  
  91  5:50  Refinery  
  91  5:58  Hellion, SCV  
  91  5:59  SCV  
  91  6:01  SCV  
  96  6:10  SCV  
  97  6:11  Armory, SCV  
  97  6:13  SCV  
  97  6:14  Armory, Supply Depot  
  99  6:18  Cyclone  
  99  6:19  Cyclone  
  99  6:22  SCV  
  99  6:24  SCV  
  105  6:25  SCV  
  105  6:29  Banshee  
  105  6:30  Command Center  
  105  6:32  Infernal Pre-Igniter  
  109  6:35  SCV  
  109  6:36  SCV  
  109  6:38  SCV  
  109  6:39  Cyclone x2  
  116  6:41  Supply Depot  
  117  6:47  SCV  
  117  6:48  SCV  
  117  6:50  SCV  
  117  6:52  Factory  
  117  6:54  Cyclone, Factory  
  119  6:55  Cyclone  
  119  6:59  SCV  
  119  7:00  SCV  
  125  7:02  Supply Depot  
  125  7:03  Supply Depot  
  125  7:08  Terran Vehicle Weapons Level 1, Terran Vehicle And Ship Armor Level 1, SCV  
  125  7:11  SCV  
  125  7:12  SCV  
  125  7:13  Cyclone x2  
  130  7:26  Banshee, Cyclone  
  135  7:34  Cyclone, SCV  
  135  7:35  SCV x2  
  135  7:36  Factory Reactor, Supply Depot x2  
  140  7:37  Factory Reactor  
  140  7:45  Cyclone x2  
  140  7:47  SCV x2  
  140  7:48  SCV  
  140  7:50  Command Center  
  147  7:59  SCV  
  147  8:01  Cyclone  
  135  8:06  Siege Tank, SCV x2  
  135  8:11  SCV  
  135  8:12  Cyclone x2  
  128  8:14  Banshee  
  128  8:15  Cyclone x2  
  128  8:17  Siege Tank, Cyclone  
  138  8:21  SCV x2  
  138  8:22  Engineering Bay, Refinery  
  138  8:23  SCV x2  
  138  8:24  Refinery  
  142  8:33  Cyclone, SCV x2  
  146  8:34  Factory  
  146  8:35  Factory  
  146  8:38  Cyclone  
  147  8:43  SCV  
  147  8:44  Cyclone  
  147  8:45  Cyclone, SCV  
  152  8:48  Cyclone x2  
  152  8:49  Cyclone x2  
  152  8:54  Missile Turret, SCV  
  152  8:55  SCV  
  160  8:57  SCV  
  160  9:01  Planetary Fortress  
  160  9:07  Cyclone  
  160  9:09  Refinery  
  162  9:10  Cyclone, Supply Depot, Refinery  
  162  9:15  SCV x2  
  162  9:16  Cyclone, SCV  
  162  9:17  Cyclone, Missile Turret  
  171  9:20  Cyclone  
  171  9:22  Raven  
  171  9:23  Factory Reactor x2  
  165  9:38  Cyclone x3  
  168  9:39  Cyclone  
  168  9:42  Cyclone  
  168  9:45  Planetary Fortress, Command Center  
  169  9:47  Sensor Tower  
  169  9:49  Cyclone, SCV x3  
  169  9:51  SCV  
  175  9:55  Cyclone  
  177  10:02  Cyclone x2  
  177  10:05  Hellion x2  
  173  10:08  Hellion  
  173  10:10  Siege Tank, Hellion  
  173  10:12  Hi-Sec Auto Tracking, Command Center  
  176  10:14  Siege Tank  
  176  10:18  Cyclone  
  181  10:22  Cyclone x2  
  182  10:29  Terran Vehicle Weapons Level 2  
  182  10:34  Terran Vehicle And Ship Armor Level 2  
  182  10:37  Cyclone x2  
  182  10:42  Siege Tank  
  189  10:43  Cyclone  
  189  10:44  Cyclone  
  189  10:47  Siege Tank, Cyclone, Factory  
  189  10:49  Cyclone  
  200  10:50  Starport Reactor  
  189  10:57  SCV  
  189  10:58  SCV  
  189  10:59  SCV  
  189  11:00  Cyclone x2  
  189  11:01  Cyclone x2  
  183  11:05  Orbital Command  
  183  11:09  Cyclone x2  
  149  11:14  Cyclone, SCV  
  149  11:15  Cyclone, SCV  
  149  11:16  Cyclone  
  137  11:20  SCV  
  137  11:25  Cyclone x2  
  142  11:26  Cyclone  
  142  11:28  SCV  
  142  11:32  Cyclone  
  139  11:33  SCV x2  
  139  11:35  SCV  
  139  11:37  SCV  
  139  11:39  Orbital Command  
  143  11:43  SCV  
  143  11:45  SCV x2  
  146  11:47  SCV  
  146  11:48  Refinery  
  146  11:50  SCV, Refinery  
  146  11:54  Cyclone  
  148  11:55  Cyclone, SCV  
  148  11:57  Cyclone, SCV  
  148  12:00  SCV x2  
  148  12:01  Cyclone x2  
  156  12:05  Cyclone  
  156  12:06  Cyclone  
  156  12:07  Cyclone  
  150  12:09  Cyclone x2  
  150  12:13  Siege Tank x2  
  152  12:17  SCV x3  
  152  12:18  SCV x2  
  152  12:20  SCV  
  136  12:26  Cyclone  
  136  12:27  Cyclone  
  136  12:29  Cyclone, SCV x2  
  136  12:31  Refinery  
  136  12:32  SCV  
  136  12:33  Command Center, Cyclone  
  136  12:34  Hellion  
  141  12:38  Factory  
  141  12:40  Cyclone  
  141  12:41  Cyclone  
  141  12:42  Cyclone  
  147  12:44  SCV x3  
  147  12:46  SCV x2  
  147  12:49  Siege Tank  
  147  12:51  Siege Tank  
  158  12:53  Cyclone  
  158  12:56  Viking  
  162  12:58  Viking  
  162  13:01  Hellion  
  162  13:02  Hellion  
  162  13:04  Siege Tank  
  173  13:06  Hellion  
  173  13:10  Hellion x2  
  173  13:11  Hellion  
  175  13:13  SCV  
  175  13:15  Terran Vehicle Weapons Level 3  
  175  13:19  Hellion x2  
  175  13:20  Hellion  
  175  13:21  Hellion  
  175  13:23  Orbital Command, Hellion  
  171  13:28  Cyclone  
  171  13:29  Cyclone  
  171  13:32  Hellion x2  
  182  13:38  Cyclone  
  182  13:40  Cyclone  
  186  13:43  Siege Tank  
  186  13:46  Factory Tech Lab, Command Center  
  186  13:47  Supply Depot  
  186  13:48  Supply Depot  
  183  13:56  Terran Vehicle And Ship Armor Level 3  
  183  13:58  Cyclone  
  183  13:59  Cyclone  
  183  14:00  Cyclone  
  188  14:06  Cyclone  
  186  14:11  Cyclone  
  186  14:12  Orbital Command  
  186  14:16  Cyclone x3  
  186  14:17  Cyclone  
  183  14:18  Cyclone  
  183  14:24  Cyclone x2  
  181  14:27  Siege Tank x2  
  181  14:30  Hellion  
  187  14:32  Hellion x2  
  189  14:39  Hellion  
  189  14:40  Planetary Fortress, Refinery  
  189  14:43  Hellion  
  177  14:46  Refinery  
  177  14:48  Cyclone  
  177  14:50  Cyclone  
  177  14:51  Cyclone  
  177  14:52  Cyclone  
  176  14:53  Cyclone  
  176  14:57  Cyclone  
  176  14:59  Cyclone  
  176  15:01  Cyclone  
  186  15:16  Cyclone  
  186  15:17  Cyclone  
  181  15:28  Thor x2  
  181  15:29  Thor  
  181  15:30  Sensor Tower  
  194  15:36  Thor  
  194  15:39  Viking x2  
  190  15:49  Hellion x2  
  192  16:11  Thor  
  192  16:14  Viking x2  
  193  16:22  Cyclone  
  185  16:25  Cyclone x2  
  185  16:26  Siege Tank x2  
  185  16:40  Hellion  
  185  16:41  Hellion  
  183  16:47  Thor  
  183  16:49  Hellion x2  
  190  16:54  Siege Tank  
  190  16:57  Orbital Command  
  190  16:58  Thor  
  190  17:00  Command Center  
  195  17:25  Hellion x2  
  195  17:26  Smart Servos  
  191  17:36  Thor  
  197  17:43  Thor  
  194  17:56  Thor  
  198  18:06  Hellion x2  
  194  18:21  Viking x2  
  194  18:22  Thor  
  194  18:24  Thor  
  194  18:26  Hellion x2  
  193  18:27  Hellion x2  
  193  18:30  Hellion x2  
  193  18:31  Hellion  
  197  18:41  Thor  
  189  18:48  Thor  
  189  18:54  Factory x2  
  191  18:59  Command Center  
  191  19:01  Command Center  
  187  19:05  Thor, Hellion x2  
  187  19:06  Hellion  
  187  19:08  Hellion x2  
  199  19:20  Hellion x9  
  199  19:37  Fusion Core  
  199  19:38  Factory Tech Lab, Starport  
  199  19:39  Factory Tech Lab  
  183  19:58  Liberator x2  
  181  20:02  Thor x3  
  181  20:03  Siege Tank  
  181  20:04  Cyclone x3  
  199  20:09  Factory Reactor  
  199  20:10  Terran Ship Weapons Level 1, Starport  
  199  20:12  Sensor Tower  
  199  20:13  Orbital Command  
  196  20:30  Advanced Ballistics  
  196  20:34  Siege Tank  
  198  20:54  Liberator x3  
  198  21:00  Liberator  
  186  21:16  Cyclone x5  
  186  21:17  Siege Tank x2  
  186  21:18  Siege Tank  
  198  21:26  Liberator  
  198  21:40  Sensor Tower  
  198  22:09  Cyclone  
  197  22:27  Cyclone  
  199  22:42  Cyclone x2  
  199  22:49  Cyclone x2  
  199  22:50  Cyclone x2  
Tags
 
Add a new tag
Caveats
  • Supply blocks, unpowered buildings, or Contaminate may cause inaccurate times.
  • Supply counts are checked every 10 seconds.